 Dungeon Crawl Stone Soup version 0.14-a0-2327-g5ff15cf (webtiles) character file.

24532 Honkfish the Executioner (level 12, -15/159 HPs)
             Began as a Minotaur Berserker on Jan 30, 2014.
             Was a High Priest of Trog.
             Demolished by a manticore (18 damage)
             ... on Level 11 of the Dungeon.
             The game lasted 00:32:03 (13385 turns).

Honkfish the Executioner (Minotaur Berserker)      Turns: 13385, Time: 00:32:04

HP -15/159       AC 10     Str 27      XL: 12   Next: 75%
MP   5/5         EV  8     Int  4      God: Trog [*****.]
Gold 696         SH  0     Dex 16      Spells:  0 memorised, 11 levels left

rFire  + . .     SeeInvis .     p - +8,+4 battleaxe "Orb Guardian's Curse" {flame, +Blink +Rage +Inv +Fly Str-3 Dex+4}
rCold  . . .     Clarity  .     k - +1 orc chain mail {rF+}
rNeg   . . .     Conserve .     (no shield)
rPois  +         rCorr    .     (helmet restricted)
rElec  .         rRot     .     a - +0 cloak
SustAb . .       Spirit   .     (no gloves)
rMut   .         Warding  .     (no boots)
Saprov . . .     Stasis   .     (no amulet)
MR     +....                    l - ring of poison resistance
                                B - ring of protection from magic

@: berserking, very quick, somewhat resistant to hostile enchantments, extremely
unstealthy
A: retaliatory headbutt, horns 2
a: Burn Spellbooks, Berserk, Trog's Hand, Brothers in Arms, Renounce Religion,
Evoke Blink, Evoke Berserk Rage, Evoke Invisibility, Evoke Flight


You were on level 11 of the Dungeon.
You worshipped Trog.
Trog was extremely pleased with you.
You were hungry.

You visited 1 branch of the dungeon, and saw 11 of its levels.

You collected 696 gold pieces.

Inventory:

Hand weapons
 p - the +8,+4 battleaxe "Orb Guardian's Curse" (weapon) {flame, +Blink +Rage +Inv +Fly Str-3 Dex+4}
   (You found it on level 9 of the Dungeon)

   It emits flame when wielded, causing extra injury to most foes and up to
   double damage against particularly susceptible opponents.
   Big, fiery blades are also staple armaments of hydra-hunters.
   It affects your strength (-3).
   It affects your dexterity (+4).
   It lets you turn invisible.
   It lets you fly.
   It lets you blink.
   It lets you go berserk.
 q - a +3,+4 vampiric executioner's axe
 A - a +1,+3 battleaxe of venom
 D - a +2,+0 anti-magic war axe
Armour
 a - a +0 cloak (worn)
 k - a +1 orcish chain mail of fire resistance (worn)
 s - a +2 hat
 y - a +1 plate armour
Magical devices
 c - a wand of digging (8)
 t - a wand of hasting (6) {unknown}
Comestibles
 i - 48 strawberries
 v - 2 meat rations
 x - 3 bread rations
 C - 3 chunks of gnoll flesh
Scrolls
 b - 4 scrolls of identify
 d - 2 scrolls of recharging
 h - 3 scrolls of teleportation
 j - a scroll of fear
 n - a scroll of blinking
 o - 2 scrolls of fog
 r - 2 scrolls of magic mapping
 w - 4 scrolls of remove curse
Jewellery
 f - an uncursed ring of positive energy
 l - a ring of poison resistance (right hand)
 B - a ring of protection from magic (left hand)
Potions
 e - 3 potions of curing
 m - 2 potions of resistance
 u - a potion of might
 z - 2 potions of restore abilities
Rods
 g - a +4 rod of destruction (9/9)
   (You took it off an orc on level 11 of the Dungeon)


   Skills:
 - Level 10.2 Fighting
 * Level 21.7 Axes
 - Level 2.4 Armour
 - Level 2.1 Dodging
 + Level 0.4 Evocations


You had 11 spell levels left.
You didn't know any spells.

Dungeon Overview and Level Annotations

Branches:
Dungeon (11/16)            Temple (0/1) D:6             Orc (0/4) D:10
   Lair (0/8) D:10

Altars:
Ashenzari
Fedhas
Okawaru
Trog
Zin

Shops:
D:10 =


Innate Abilities, Weirdness & Mutations

You reflexively headbutt those who attack you in melee.
You have a pair of horns on your head.


Message History

* * * LOW HITPOINT WARNING * * *
The manticore claws you.
* * * LOW HITPOINT WARNING * * *
The manticore claws you!
* * * LOW HITPOINT WARNING * * *
Drink which item? (? for menu, Esc to quit)
You feel better. The manticore bites you!
* * * LOW HITPOINT WARNING * * *
The manticore claws you!
* * * LOW HITPOINT WARNING * * *
The manticore claws you.
* * * LOW HITPOINT WARNING * * *
Use which ability? (? or * to list)
A red film seems to cover your vision as you go berserk!
You feel yourself moving faster!
You feel mighty!
You are feeling hungry.
The black bear bites you but does no damage.
The black bear closely misses you. The black bear barely misses you.
The manticore bites you!
You die...

###### ......#### ........##
#.HU..## #@%%.# ###..## ##♣..♣♣ ♣
♣♣..♣♣♣ ♣ ♣♣♣.♣♣♣♣♣♣.≈≈
♣♣♣♣♣♣♣♣♣♣♣♣♣ ♣♣♣.♣..PP♣.≈≈≈≈≈≈≈
♣P♣♣♣♣♣♣♣♣♣♣♣♣♣♣..P......≈≈≈≈≈≈≈≈
...P..P..P.♣♣♣♣♣..........≈≈≈≈≈≈≈
...)......P.♣♣♣...........≈≈≈≈≈≈≈


You could see a manticore and a black bear.

Vanquished Creatures
  A hydra (D:11)
  2 unseen horrors
  2 hill giants (D:11)
  Erolcha (D:8)
  Pikel (D:5)
  2 octopodes (D:11)
  3 trolls
  A spriggan (D:7)
  2 merfolk (D:11)
  Prince Ribbit (D:9)
  The ghost of Turgon the Insei, an average DsNe of Okawaru (D:7)
  A shadow (D:11)
  2 two-headed ogres (D:11)
  5 ugly things (D:9)
  2 hogs (D:11)
  A wraith (D:11)
  A wyvern (D:9)
  13 yaks
  A shark (D:11)
  Eustachio (D:9)
  Grum (D:9)
  A manticore (D:11)
  A steam dragon (D:10)
  3 hippogriffs
  A hungry ghost (D:8)
  Edmund (D:6)
  4 wolves (D:9)
  2 soldier ants (D:11)
  2 necrophages
  3 giant goldfish (D:11)
  3 phantoms
  8 black bears
  9 orc warriors
  2 ice beasts
  5 sky beasts
  A slave (D:5)
  The ghost of letownia the Poker, an average MfBe of Trog (D:5)
  9 ogres
  5 centaurs
  Sigmund (D:5)
  Duvessa (D:5)
  2 big kobolds
  A warg (D:10)
  A gnoll sergeant (D:11)
  A cyclops zombie (D:11)
  5 giant frogs
  An eye of draining (D:10)
  6 killer bees
  2 jellyfish (D:11)
  A jelly (D:7)
  5 electric eels (D:11)
  10 crimson imps
  Dowan (D:5)
  A goliath beetle (D:7)
  A centaur zombie (D:9)
  13 hounds
  2 quasits
  8 orc priests
  2 centaur skeletons
  A gnoll shaman (D:9)
  13 orc wizards
  4 scorpions
  A black bear skeleton (D:4)
  9 worker ants
  An iguana (D:4)
  Jessica (D:2)
  11 sheep (D:11)
  An ogre skeleton (D:6)
  A mummy (D:8)
  18 gnolls
  A worm zombie (D:9)
  A giant centipede (D:8)
  14 adders
  2 giant mites
  4 worms
  2 adder zombies (D:3)
  3 giant eyeballs
  6 giant geckos
  An ooze (D:1)
  54 orcs
  A ball python (D:2)
  2 giant cockroaches
  14 goblins
  15 hobgoblins
  29 kobolds
  23 bats
  A giant gecko skeleton (D:4)
  A giant gecko zombie (D:3)
  9 giant newts
  A giant newt zombie (D:3)
  A goblin skeleton (D:4)
  9 jackals
  A jackal skeleton (D:3)
  A kobold skeleton (D:4)
  A kobold zombie (D:3)
  2 orc skeletons (D:3)
  2 orc zombies (D:10)
  3 quokkas
  16 rats
  3 rat skeletons
  11 ballistomycetes (D:7)
  6 plants (D:11)
472 creatures vanquished.

Vanquished Creatures (collateral kills)
  An orc warrior (D:11)
  A centaur (D:11)
  A hound (D:11)
  An orc priest (D:11)
  2 orcs (D:11)
  A hobgoblin (D:11)
  A kobold (D:11)
8 creatures vanquished.

Vanquished Creatures (others)
  A worker ant (D:5)
  2 orcs (D:8)
  2 giant spores (D:7)
  34 plants (D:11)
39 creatures vanquished.

Grand Total: 519 creatures vanquished

Notes
Turn   | Place    | Note
--------------------------------------------------------------
     0 | D:1      | Honkfish, the Minotaur Berserker, began the quest for the Orb.
     0 | D:1      | Reached XP level 1. HP: 19/19 MP: 1/1
     0 | D:1      | Noticed a troll
     1 | D:1      | Noticed a minotaur
     3 | D:1      | Noticed an elf
     6 | D:1      | Noticed a vampire
     8 | D:1      | Noticed an octopode
    10 | D:1      | Noticed a human
    10 | D:1      | Noticed a vampire
    12 | D:1      | Noticed a human
    13 | D:1      | Noticed an ogre
    14 | D:1      | Noticed an ogre
    16 | D:1      | Noticed an octopode
    18 | D:1      | Noticed a troll
    19 | D:1      | Noticed a ghoul
    72 | D:1      | Reached skill level 4 in Fighting
    74 | D:1      | Reached XP level 2. HP: 25/27 MP: 1/1
   659 | D:2      | Reached XP level 3. HP: 33/33 MP: 2/2
   746 | D:2      | Acquired Trog's second power
  1070 | D:2      | Noticed Jessica
  1071 | D:2      | Found a bloodstained altar of Trog.
  1075 | D:2      | Killed Jessica
  1075 | D:2      | Reached skill level 5 in Axes
  1469 | D:3      | Reached XP level 4. HP: 39/41 MP: 2/2
  1899 | D:3      | Reached skill level 6 in Axes
  1902 | D:3      | Reached XP level 5. HP: 38/47 MP: 2/2
  2022 | D:4      | Reached skill level 5 in Fighting
  2422 | D:4      | Reached skill level 7 in Axes
  2423 | D:4      | Reached XP level 6. HP: 25/56 MP: 3/3
  2713 | D:4      | Acquired Trog's third power
  2798 | D:4      | Noticed an ogre
  2798 | D:4      | Noticed an ogre
  2804 | D:4      | Killed an ogre
  2816 | D:4      | Killed an ogre
  2816 | D:4      | Reached skill level 8 in Axes
  2816 | D:4      | Reached XP level 7. HP: 63/63 MP: 3/3
  2936 | D:4      | Reached skill level 9 in Axes
  3118 | D:5      | Entered Level 5 of the Dungeon
  3136 | D:5      | Noticed Pikel
  3147 | D:5      | Noticed Sigmund
  3149 | D:5      | Killed Pikel
  3149 | D:5      | Reached skill level 10 in Axes
  3149 | D:5      | Reached XP level 8. HP: 73/73 MP: 3/3
  3157 | D:5      | Killed Sigmund
  3333 | D:5      | Reached skill level 11 in Axes
  3408 | D:5      | Noticed letownia's ghost (average MfBe)
  3414 | D:5      | Killed letownia's ghost
  3493 | D:5      | Found a shattered altar of Ashenzari.
  3511 | D:5      | Noticed Duvessa
  3511 | D:5      | Noticed Dowan
  3519 | D:5      | Killed Duvessa
  3530 | D:5      | Killed Dowan
  3954 | D:4      | Got a transparent hand axe
  3960 | D:4      | Identified the cursed +2,-2 hand axe "Giant's Regret" {freeze, +Inv rC+} (You took it off a goblin on level 4 of the Dungeon)
  4007 | D:6      | Reached skill level 12 in Axes
  4105 | D:6      | Noticed Edmund
  4114 | D:6      | Killed Edmund
  4326 | D:6      | Reached XP level 9. HP: 81/81 MP: 4/4
  4446 | D:6      | Found a staircase to the Ecumenical Temple.
  4470 | D:6      | Found a blossoming altar of Fedhas.
  4878 | D:7      | Reached skill level 13 in Axes
  5349 | D:7      | HP: 1/123 [orc warrior/glowing orcish glaive (8)]
  5815 | D:7      | Reached skill level 14 in Axes
  5880 | D:7      | Noticed Turgon's ghost (average DsNe)
  5896 | D:7      | Killed Turgon's ghost
  6286 | D:7      | Received a gift from Trog
  6316 | D:7      | Reached skill level 17 in Axes
  6316 | D:7      | Reached XP level 10. HP: 91/91 MP: 4/4
  6517 | D:7      | Reached XP level 11. HP: 95/97 MP: 4/4
  6742 | D:7      | Reached skill level 18 in Axes
  6768 | D:7      | Paralysed by a potion of paralysis for 6 turns
  6883 | D:8      | Noticed Erolcha
  6890 | D:8      | Killed Erolcha
  7476 | D:8      | Found a bloodstained altar of Trog.
  7537 | D:9      | Noticed Prince Ribbit
  7545 | D:9      | Killed Prince Ribbit
  7579 | D:9      | Received a gift from Trog
  7580 | D:9      | Got a polished battleaxe {god gift}
  7623 | D:9      | Noticed Eustachio
  7626 | D:9      | Noticed Grum
  7632 | D:9      | Killed Eustachio
  7635 | D:9      | Killed Grum
  7635 | D:9      | Reached skill level 19 in Axes
  7653 | D:9      | Identified the -2,+6 battleaxe "Smaloc" {speed, rF+} (Trog gifted it to you on level 9 of the Dungeon)
  7741 | D:9      | Paralysed by a giant eyeball for 2 turns
  7767 | D:9      | Got an ichor-stained robe
  7789 | D:9      | Got a brightly glowing battleaxe
  8358 | D:9      | Reached skill level 10 in Fighting
  8887 | D:9      | Identified the +8,+4 battleaxe "Orb Guardian's Curse" {flame, +Blink +Rage +Inv +Fly Str-3 Dex+4} (You found it on level 9 of the Dungeon)
  8892 | D:10     | Entered Level 10 of the Dungeon
  8897 | D:10     | Found an iron altar of Okawaru.
  9014 | D:10     | Killed an unseen horror
  9230 | D:10     | Found a staircase to the Orcish Mines.
  9562 | D:10     | Found a staircase to the Lair.
  9628 | D:10     | Reached XP level 12. HP: 106/106 MP: 5/5
  9634 | D:10     | Received a gift from Trog
  9648 | D:10     | Found Briq Tana's Jewellery Shoppe.
  9911 | D:11     | Reached skill level 20 in Axes
 10746 | D:11     | Noticed a five-headed hydra
 10755 | D:11     | Killed a two-headed hydra
 11495 | D:11     | Received a gift from Trog
 11693 | D:11     | Reached skill level 21 in Axes
 12273 | D:11     | Found a glowing silver altar of Zin.
 12785 | D:11     | HP: 5/106 [orc warrior/orcish glaive (7)]
 13372 | D:11     | Received a gift from Trog
 13384 | D:11     | HP: 2/106 [manticore (4)]
 13385 | D:11     | Demolished by a manticore

Action                   |  1- 3 |  4- 6 |  7- 9 | 10-12 || total
-------------------------+-------+-------+-------+-------++-------
Melee: Hand axe          |    79 |   137 |    22 |       ||   238
       War axe           |       |       |   250 |       ||   250
       Battleaxe         |       |       |       |   504 ||   504
Invok: Berserk           |       |     3 |     8 |    11 ||    22
       Trog's Hand       |       |     1 |     2 |    10 ||    13
       Burn Spellbooks   |       |       |       |     3 ||     3
       Brothers in Arms  |       |       |       |     2 ||     2
Evoke: Wand              |       |       |     1 |     1 ||     2
  Use: Scroll            |     4 |       |    18 |    10 ||    32
       Potion            |     3 |       |     5 |     5 ||    13
